 Dungeon Crawl Stone Soup version 0.23-a0-261-g133332c (console) character file.

123 HarryHood the Cudgeler (level 4, 0/41 HPs)
             Began as a Minotaur Berserker on Sept 27, 2018.
             Was a Believer of Trog.
             Slain by KArcana's ghost (12 damage)
             ... on level 3 of the Dungeon on Sept 29, 2018.
             The game lasted 00:09:48 (2205 turns).

HarryHood the Cudgeler (Minotaur Berserker)         Turns: 2205, Time: 00:09:49

Health: 0/41       AC:  9    Str: 22    XL:     4   Next: 80%
Magic:  3/3        EV: 10    Int:  4    God:    Trog [**....]
Gold:   162        SH:  0    Dex: 10    Spells: 3/3 levels left

rFire    . . .     SeeInvis .   a - +0 mace
rCold    . . .     Gourm    .   (no shield)
rNeg     . . .     Faith    .   k - +0 scale mail
rPois    .         Spirit   .   (helmet restricted)
rElec    .         Reflect  .   (no cloak)
rCorr    .         Harm     .   r - +0 pair of gloves
MR       .....                  (no boots)
Stlth    ..........             (no amulet)
HPRegen  0.13/turn              f - +2 ring of protection
MPRegen  0.08/turn              (no ring)

@: no status effects
A: retaliatory headbutt, horns 2
a: Berserk, Trog's Hand, Renounce Religion


You were on level 3 of the Dungeon.
You worshipped Trog.
Trog was pleased with you.
You were not hungry.

You visited 1 branch of the dungeon, and saw 3 of its levels.

You collected 162 gold pieces.

Inventory:

Hand Weapons
 a - a +0 mace (weapon)
 b - a +0 hunting sling
Missiles
 d - 31 stones (quivered)
 o - 20 sling bullets
Armour
 k - a +0 scale mail (worn)
 r - a +0 pair of gloves (worn)
Jewellery
 f - a +2 ring of protection (left hand)
Scrolls
 j - 4 scrolls of remove curse {unknown}
 l - 3 scrolls of teleportation {@r0}
 q - a scroll of fear {unknown}
 s - a scroll of noise {unknown}
Potions
 c - 2 potions of invisibility
 g - 2 potions of flight
 h - a potion of cancellation
 i - a potion of curing {@q2}
 m - a potion of brilliance {unknown}
 n - a potion of haste {unknown}
Comestibles
 e - 9 rations {@e1}
 p - 6 chunks of flesh


   Skills:
 + Level 4.7 Fighting
 - Level 6.0 Maces & Flails
 - Level 2.4 Armour
 - Level 2.1 Dodging


You had 3 spell levels left.
You didn't know any spells.
Your spell library was empty.

Dungeon Overview and Level Annotations

Branches:
Dungeon (3/15)

Altars:

Annotations:
D:3 KArcana's ghost, amateur TrFi


Innate Abilities, Weirdness & Mutations

You reflexively headbutt those who attack you in melee.
You have a pair of horns on your head.


Message History

Your scale mail prevents you from hitting KArcana's ghost.
Your headbutt misses KArcana's ghost. KArcana's ghost barely misses you.
You hit KArcana's ghost.
KArcana's ghost hits you but does no damage.
You sock KArcana's ghost! KArcana's ghost hits you!
You take 11 damage, and have 30/41 hp.
MASSIVE DAMAGE!!
You completely miss KArcana's ghost. Your headbutt misses KArcana's ghost.
KArcana's ghost hits you but does no damage.
You barely miss KArcana's ghost. KArcana's ghost hits you!
You take 9 damage, and have 22/41 hp.
MASSIVE DAMAGE!!
You hit KArcana's ghost but do no damage.
KArcana's ghost hits you but does no damage.
Some of the chunks of flesh in your inventory have rotted away.
You thump KArcana's ghost! You headbutt KArcana's ghost!
KArcana's ghost hits you!
* * * LOW HITPOINT WARNING * * *
You take 10 damage, and have 12/41 hp.
MASSIVE DAMAGE!!
You hit KArcana's ghost but do no damage.
KArcana's ghost hits you!
You die...

.... ########## #.......#
#......... #.......#
#.........
#.......######.........
#.........[....(.......
#.......#....#........#
##........###..........#
#....####......(........
##.#...W@..........#.####
#)...##########.##.#.##
#....### #.##....###
#......# #.........#
▒▒▒'W▒▒▒ #...........
▒≈≈^...?▒ #.#.........
▒▒..▒.⌠..▒ # ####......
▒..≈^≈▒.▒ ##...#[
.▒≈^%..▒▒ #.#.#.


You could see KArcana's ghost.

Vanquished Creatures
  4 adders (D:2)
  A shadow imp (D:3)
  2 worms (D:2)
  A dart slug (D:1)
  5 orcs (D:3)
  3 giant cockroaches
  9 goblins
  8 hobgoblins
  4 jackals (D:1)
  A quokka (D:2)
  6 bats
  5 frilled lizards
  8 kobolds
  6 rats
63 creatures vanquished.

Notes
Turn   | Place    | Note
-------+----------+-------------------------------------------
     0 | D:1      | HarryHood the Minotaur Berserker began the quest for the
                  | Orb.
     0 | D:1      | Reached XP level 1. HP: 19/19 MP: 0/0
    74 | D:1      | Reached skill level 4 in Maces & Flails
   114 | D:1      | Reached XP level 2. HP: 26/26 MP: 1/1
   819 | D:2      | Upgraded the game from 0.23-a0-241-g3b46b07 to
                  | 0.23-a0-242-g2b5ca64
   833 | D:2      | Reached skill level 5 in Maces & Flails
   833 | D:2      | Reached XP level 3. HP: 26/31 MP: 2/2
  1340 | D:2      | Reached ** piety under Trog
  1340 | D:2      | Reached skill level 6 in Maces & Flails
  1340 | D:2      | Reached XP level 4. HP: 28/39 MP: 3/3
  1689 | D:2      | Reached skill level 4 in Fighting
  1870 | D:3      | Upgraded the game from 0.23-a0-242-g2b5ca64 to
                  | 0.23-a0-261-g133332c
  2180 | D:3      | Found a large runed door.
  2180 | D:3      | Found a large runed door.
  2188 | D:3      | Noticed KArcana's ghost (amateur TrFi)
  2205 | D:3      | Slain by KArcana's ghost

Vault maps used:
D:1:      elethiomel_arrival_shortcut
D:2:      kennysheep_the_goblin_king
D:3:      ebering_ghost_disaster_area

Skill      XL: |  1  2  3  4 |
---------------+-------------+-----
Maces & Flails | 4 5 6 |  6.0
Fighting       | 4 |  4.7
Armour         | |  2.4
Dodging        | |  2.1

Action                   |  1- 3 |  4- 6 || total
-------------------------+-------+-------++-------
Melee: Mace              |    66 |    70 ||   136
       Headbutt          |     6 |    19 ||    25
  Use: Scroll            |     2 |     5 ||     7
  Eat: Chunk             |     1 |     3 ||     4
Armor: Animal skin       |     7 |       ||     7
       Scale mail        |    26 |    25 ||    51
Dodge: Dodged            |    31 |    23 ||    54

Table legend:
 A = Non-vault XP
 B = Vault XP
 C = Vault XP percentage of total XP
 D = Non-vault monster count
 E = Vault monster count
 F = Vault count percentage of total count
                 A         B        C        D         E       F
            +---------+---------+-------+---------+---------+-------
      Total |     163 |      14 |   7.9 |      56 |       7 |  11.1
            +---------+---------+-------+---------+---------+-------
        D:1 |      28 |       0 |   0.0 |      16 |       0 |   0.0
        D:2 |      92 |      14 |  13.2 |      24 |       7 |  22.6
        D:3 |      43 |       0 |   0.0 |      16 |       0 |   0.0
            +---------+---------+-------+---------+---------+-------
